Map: Cyber Forest LE

Players

SandboX - Winner!

  • Race: Zerg Zerg
  • Spawn Location: 11:00

VOD

Have the link to the VOD?

Description

Time

  • Played on: Aug. 10, 2019, 12:45 p.m.
  • Length: 16:04
Show
View Real Time Build Order
Export as new Build Order

SandboX Zerg - Winner!

Build Orders:  

Get SALT Encoding   

  12  0:02  Drone  
  13  0:17  Overlord  
  13  0:40  Drone  
  14  0:56  Drone x3  
  17  1:22  Hatchery  
  17  1:23  Drone  
  17  1:42  Drone x2  
  17  1:45  Extractor  
  18  1:57  Spawning Pool  
  17  2:07  Drone  
  18  2:11  Drone  
  19  2:28  Drone  
  20  2:42  Drone  
  21  3:04  Zergling x4  
  21  3:08  Queen x2  
  27  3:16  Drone  
  28  3:31  Overlord x2  
  28  4:03  Metabolic Boost  
  28  4:06  Drone x5  
  33  4:13  Overlord  
  33  4:35  Overlord  
  33  4:36  Drone  
  32  5:10  Overlord  
  32  5:13  Drone x7  
  32  5:15  Hatchery  
  38  5:25  Queen  
  40  5:42  Spore Crawler  
  40  5:48  Spore Crawler  
  38  5:52  Drone  
  38  5:53  Drone x4  
  38  5:54  Drone x3  
  46  6:11  Zergling x2  
  46  6:12  Zergling x4  
  49  6:23  Roach Warren  
  48  6:30  Drone x7  
  55  6:52  Extractor  
  55  6:58  Extractor  
  53  7:10  Drone x11  
  64  7:57  Evolution Chamber x2  
  62  8:00  Drone  
  62  8:01  Drone x3  
  62  8:02  Drone  
  62  8:05  Roach x2  
  62  8:06  Roach  
  73  8:10  Overlord x4  
  73  8:34  Extractor  
  73  8:36  Extractor  
  71  8:41  Extractor  
  71  8:43  Zerg Ground Armor Level 1  
  70  8:51  Zerg Missile Weapons Level 1  
  70  9:18  Lair  
  70  9:30  Drone x2  
  70  9:31  Drone x4  
  76  9:45  Roach x15  
  76  9:49  Overlord x4  
  106  9:50  Overlord  
  106  10:21  Glial Reconstitution  
  106  10:31  Hydralisk Den  
  105  11:01  Roach x16  
  105  11:04  Overlord  
  105  11:05  Overlord x3  
  137  11:10  Hatchery  
  136  11:35  Zerg Ground Armor Level 2, Zerg Missile Weapons Level 2  
  135  12:27  Hydralisk x2  
  135  12:28  Hydralisk x11  
  161  12:32  Overlord x3  
  161  12:33  Overlord x3  
  161  12:51  Queen  
  162  13:17  Unknown  
  153  13:20  Roach  
  151  13:38  Hydralisk x11  
  151  13:39  Hydralisk x11  
  181  14:31  Roach x9  
  181  14:37  Overlord x2  
  181  14:38  Overlord x3  
  197  15:18  Hatchery  
  196  15:20  Roach x2  
  200  16:02  Unknown  
Tags
 
Add a new tag
Caveats
  • Supply blocks, unpowered buildings, or Contaminate may cause inaccurate times.
  • Supply counts are checked every 10 seconds.